 Dungeon Crawl Stone Soup version 0.21-a0-95-g06f091e (webtiles) character file.

794 MackTheKnife the Skirmisher (level 7, -5/96 HPs)
             Began as a Red Draconian Transmuter on July 4, 2017.
             Was a Follower of Qazlal.
             Slain by an orc warrior
             ... wielding a +0 trident
              (8 damage)
             ... on level 6 of the Dungeon.
             The game lasted 00:09:13 (4709 turns).

MackTheKnife the Skirmisher (DrTm)                  Turns: 4709, Time: 00:09:13

Health: -5/96      AC:  6    Str: 18    XL:     7   Next: 58%
Magic:  0/11       EV: 12    Int: 13    God:    Qazlal [*.....]
Gold:   281        SH:  1    Dex: 16    Spells: 6/11 levels left

rFire    + . .     SeeInvis +     - Unarmed
rCold    + . .     Gourm    .   (no shield)
rNeg     + . .     Faith    .   (armour unavailable)
rPois    .         Spirit   +   (helmet restricted)
rElec    .         Reflect  .   (no cloak)
rCorr    .         Harm     .   (no gloves)
MR       ++...                  (no boots)
Stlth    ..........             G - amulet of guardian spirit {Spirit}
HPRegen  0.26/turn              f - +3 ring of dexterity
MPRegen  0.12/turn              B - ring "Davut" {rC+ rN+ MR++ SInv}

@: berserking, very slightly contaminated, very quick
A: breathe fire, unfitting armour, fire resistance 1, cold-blooded, AC +6
a: Breathe Fire, Renounce Religion


You were on level 6 of the Dungeon.
You worshipped Qazlal.
Qazlal was aware of your devotion.
You were very hungry.

You visited 2 branches of the dungeon, and saw 7 of its levels.

You collected 281 gold pieces.

Inventory:

Hand Weapons
 F - the +4 Vampire's Tooth {vamp}
   (You found it on level 5 of the Dungeon)

   It inflicts no extra harm, but heals its wielder when it wounds a living foe.
Missiles
 a - 91 arrows
 E - 2 throwing nets {=f, !d}
Jewellery
 f - a +3 ring of dexterity (left hand)
   (You found it on level 1 of the Dungeon)
 B - the ring "Davut" (right hand) {rC+ rN+ MR++ SInv}
   (You found it on level 4 of the Dungeon)

   [ring of protection from cold]

   It protects you from cold.
   It protects you from negative energy.
   It affects your resistance to hostile enchantments.
   It lets you see invisible.
 G - an amulet of guardian spirit (around neck) {Spirit}
   (You found it on level 5 of the Dungeon)
Wands
 p - a wand of enslavement (8/24)
   (You found it on level 2 of the Dungeon)
 x - a wand of lightning (1/15)
   (You found it on level 6 of the Dungeon)
 A - a wand of paralysis (12/24)
   (You found it on level 4 of the Dungeon)
 C - a wand of digging (22/24)
   (You found it on level 5 of the Dungeon)
Scrolls
 e - a scroll of enchant weapon
 h - 3 scrolls of enchant armour
 i - 5 scrolls of remove curse
 k - a scroll of noise {unknown}
 n - a scroll of amnesia
 v - a scroll of summoning {unknown}
Potions
 g - a potion of heal wounds {unknown}
 j - 3 potions of curing
 m - 3 potions of agility
 q - a potion of might
 r - a potion of ambrosia
 s - a potion of lignification {unknown}
 t - a potion of degeneration {unknown}
 u - a potion of flight {unknown}
 w - a potion of brilliance
 z - a potion of haste {unknown}
Books
 b - a book of Changes
 l - a book of Air
   (You found it on level 6 of the Dungeon)
 D - a book of Misfortune
   (You found it on level 5 of the Dungeon)
Comestibles
 c - 4 bread rations {@e1}
 d - 6 fruits


   Skills:
 - Level 6.5 Fighting
 - Level 1.7 Dodging
 - Level 6.1 Unarmed Combat
 + Level 2.7 Spellcasting
 + Level 2.7 Transmutations


You had 6 spell levels left.
You knew the following spells:

 Your Spells              Type           Power        Failure   Level  Hunger
a - Beastly Appendage     Tmut           #.....       8%          1    #......
b - Swiftness             Chrm/Air       #.......     34%         2    ###....
s - Sticks to Snakes      Tmut           #.......     12%         2    ###....


Dungeon Overview and Level Annotations

Branches:
Dungeon (6/15)             Temple (1/1) D:4

Altars:
Dithmenos
Elyvilon
Fedhas
Gozag
Hepliaklqana
Makhleb
Okawaru
Qazlal
Ru
Vehumet
Xom
Yredelemnul
Zin


Innate Abilities, Weirdness & Mutations

You can breathe blasts of fire.
Your fiery red scales are hard. (AC +6)
You cannot fit into any form of body armour.
Your flesh is heat resistant. (rF+)
You are cold-blooded and may be slowed by cold attacks.


Message History

Health restored: 64
Aim: an orc warrior, wielding a trident and wearing a plate armour You breathe a blast of fire.
The fiery breath hits the orc warrior.
You are feeling very hungry.
The orc warrior hits you from afar with a trident.
You take 4 damage, and have 60/64 hp.
You miscast Sticks to Snakes.
You are very lightly contaminated with residual magic.
You smell something strange.
You now have 9/11 mp.
Casting: Sticks to Snakes You create a snake!
You now have 93 arrows.
The orc warrior hits you from afar with a trident.
You take 2 damage, and have 59/64 hp.
You now have 7/11 mp.
Casting: Sticks to Snakes You create a snake!
You now have 92 arrows.
The orc warrior closely misses you.
You now have 5/11 mp.
The orc warrior barely misses your adder.
You hit the orc warrior but do no damage.
Your adder bites the orc warrior.
The orc warrior hits your adder with a trident!
You barely miss the orc warrior.
Your tail-slap misses the orc warrior.
Your adder bites the orc warrior but does no damage.
The orc warrior hits you with a trident!
Your adder bites the orc warrior but does no damage.
You take 9 damage, and have 50/64 hp.
You closely miss the orc warrior.
Your adder bites the orc warrior but does no damage.
The orc warrior hits your adder with a trident!!
Your adder dies!
You barely miss the orc warrior. You hit the orc warrior.
The orc warrior barely misses you.
Your ball python misses the orc warrior.
Your ball python grabs the orc warrior.
Your ball python constricts the orc warrior.
You hit the orc warrior.
Your ball python bites the orc warrior but does no damage.
Your ball python constricts the orc warrior.
The orc warrior barely misses your ball python.
You hit the orc warrior but do no damage.
You tail-slap the orc warrior, but do no damage.
You have got your breath back.
Your ball python bites the orc warrior but does no damage.
Your ball python constricts the orc warrior.
The orc warrior hits you with a trident!
You take 9 damage, and have 41/64 hp.
You now have 5/11 mp.
You hit the orc warrior but do no damage.
You tail-slap the orc warrior, but do no damage.
Your ball python bites the orc warrior but does no damage.
Your ball python constricts the orc warrior.
You hit the orc warrior but do no damage.
Your tail-slap misses the orc warrior.
The orc warrior hits your ball python with a trident!
Your ball python dies!
You closely miss the orc warrior.
You tail-slap the orc warrior, but do no damage.
The orc priest miscasts a cantrip.
The orc warrior hits you with a trident!
You take 9 damage, and have 33/64 hp.
You now have 4/11 mp.
Casting: Sticks to Snakes You create a snake!
You now have 91 arrows.
You block the orc warrior's attack.
You now have 2/11 mp.
Unknown command.
Unknown command.
You hit the orc warrior but do no damage.
You tail-slap the orc warrior, but do no damage.
The orc priest mumbles some strange prayers to Beogh against you.
Beogh smites you!
You take 8 damage, and have 25/64 hp.
The orc priest hits you but does no damage.
The orc warrior hits you with a trident.
You take 3 damage, and have 22/64 hp.
You now have 1/11 mp.
You hit the orc warrior but do no damage.
The orc priest invokes the aid of Beogh against you.
Beogh smites you!
* * * LOW HITPOINT WARNING * * *
Your ball python closely misses the orc warrior. x2
The orc warrior hits you with a trident!
* * * LOW HITPOINT WARNING * * *
You take 20 damage, and have 2/64 hp.
MASSIVE DAMAGE!!
You now have 0/11 mp.
Really quaff
o - a potion of berserk rage {!q}?
A red film seems to cover your vision as you go berserk!
You feel yourself moving faster!
You feel mighty!
The orc priest looks encouraged for a moment.
Your ball python bites the orc warrior but does no damage.
Your ball python grabs the orc warrior.
Your ball python constricts the orc warrior.
The orc warrior closely misses you.
You now have 3/96 hp.
Unknown command.
You hit the orc warrior but do no damage.
Your ball python bites the orc warrior but does no damage.
Your ball python constricts the orc warrior.
The orc priest mumbles some strange prayers to Beogh against you.
You resist with almost no effort.
You hit the orc warrior but do no damage.
The orc warrior hits you with a trident!
You die...

#....# ##.#####......###......
#...### ##...#..........##...#
##.... ...............#.....#
###..... ##...........###...##
#....#.# #........)...# ##..####
..# #.####...........## ##.....
..####..##.....###....######.....
.(..##........####..........รท....
....o..###.....o@o..#............
#.....## ##..####S.###.....######
##.....# #..## #...##..... #
#......# ##..###...##.....
..#....## #...##...#..(.. ##
..#.....# ##.............. .####.
..##....###..####.##.>... .......
#.##..#..##.## .## .## ..###..
#.#...#....## . ## ##.


You could see an orc warrior, an orc priest and a friendly ball python.

Vanquished Creatures
  A sky beast (D:6)
  An ogre (D:3)
  2 vampire bats (D:5)
  A howler monkey (D:4)
  A crimson imp (D:5)
  A centaur zombie (D:6)
  A quasit (D:4)
  A bullfrog skeleton (D:4)
  A centaur skeleton (D:4)
  3 worker ants
  A hound skeleton (D:5)
  A worker ant zombie (D:5)
  5 adders
  8 gnolls
  2 oozes
  A worm (D:3)
  A dart slug (D:3)
  8 leopard geckos
  9 orcs
  3 ball pythons
  13 bats
  4 giant cockroaches
  7 goblins
  8 hobgoblins
  5 jackals
  3 quokkas
  11 frilled lizards
  6 kobolds
  13 rats
122 creatures vanquished.

Vanquished Creatures (collateral kills)
  A worker ant (D:4)
  An adder (D:3)
  An orc (D:3)
  A bat (D:3)
4 creatures vanquished.

Grand Total: 126 creatures vanquished

Notes
Turn   | Place    | Note
-------+----------+-------------------------------------------
     0 | D:1      | MackTheKnife the Draconian Transmuter began the quest for the Orb.
     0 | D:1      | Reached XP level 1. HP: 16/16 MP: 3/3
   173 | D:1      | Reached XP level 2. HP: 20/23 MP: 5/5
   191 | D:1      | Learned a level 2 spell: Sticks to Snakes
   742 | D:2      | Reached skill level 4 in Unarmed Combat
   818 | D:2      | Reached XP level 3. HP: 14/28 MP: 3/6
  1598 | D:3      | Reached skill level 5 in Unarmed Combat
  1598 | D:3      | Reached XP level 4. HP: 26/35 MP: 7/7
  1886 | D:3      | Noticed an ogre
  2167 | D:3      | Reached XP level 5. HP: 33/40 MP: 5/8
  2191 | D:3      | Reached skill level 6 in Unarmed Combat
  2656 | D:3      | Killed an ogre
  2656 | D:3      | Reached skill level 3 in Fighting
  2656 | D:3      | Reached XP level 6. HP: 42/51 MP: 0/9
  2959 | D:4      | Found a staircase to the Ecumenical Temple.
  2968 | Temple   | Entered the Ecumenical Temple
  3014 | Temple   | Became a worshipper of Qazlal Stormbringer
  3029 | D:4      | Reached skill level 4 in Fighting
  3351 | D:4      | Got a steaming jade ring
  3439 | D:4      | Reached skill level 5 in Fighting
  3521 | D:5      | Entered Level 5 of the Dungeon
  3659 | D:5      | Your scales start taking on a fiery red colour.
  3659 | D:5      | Reached XP level 7. HP: 55/61 MP: 7/10
  3659 | D:5      | Gained mutation: Your flesh is heat resistant. (rF+) [Red Draconian growth]
  3797 | D:5      | Identified the ring "Davut" {rC+ rN+ MR++ SInv} (You found it on level 4 of the Dungeon)
  3927 | D:5      | Reached * piety under Qazlal
  3927 | D:5      | Reached skill level 6 in Fighting
  4624 | D:6      | Learned a level 2 spell: Swiftness
  4706 | D:6      | HP: 12/64 [orc priest/divine providence (11)]
  4706 | D:6      | HP: 2/64 [orc warrior/trident (10)]
  4709 | D:6      | Slain by an orc warrior

Vault maps used:
D:1:      dpeg_arrival_pits, grunt_decor_arrowhead
D:2:      first_bread
D:3:      minmay_divided_ellipse
D:4:      minmay_temple_entry_statues_fountains, grunt_decor_cap
D:5:      minmay_guarded_unrand_vampires_tooth
D:6:      gammafunk_temple_overflow_forgotten
Temple:   cyrus_circular_temple

Skill      XL: |  1  2  3  4  5  6  7 |
---------------+----------------------+-----
Unarmed Combat | 4 5 6 |  6.1
Fighting       | 3 5 6 |  6.5
Dodging        | |  1.7
Spellcasting   | |  2.7
Transmutations | |  2.7

Action                   |  1- 3 |  4- 6 |  7- 9 || total
-------------------------+-------+-------+-------++-------
Melee: Unarmed           |   139 |   221 |    94 ||   454
       Tailslap          |    13 |    30 |    15 ||    58
       Kick              |     1 |       |       ||     1
       Punch             |     3 |     7 |     1 ||    11
 Cast: Beastly Appendage |     3 |       |     1 ||     4
       Sticks to Snakes  |     3 |    21 |     4 ||    28
 Abil: Breathe Fire      |       |       |     3 ||     3
  Use: Scroll            |       |     1 |    15 ||    16
       Potion            |       |       |     1 ||     1
 Stab: Sleeping          |     1 |     1 |     3 ||     5
       Distracted        |       |     1 |       ||     1
  Eat: Chunk             |     3 |     7 |     4 ||    14
Armor: Skin              |    29 |    75 |    24 ||   128
Dodge: Dodged            |    87 |   132 |    50 ||   269
Block: Other             |       |       |     1 ||     1

Vault maps used:
D:1:      dpeg_arrival_pits, grunt_decor_arrowhead
D:2:      first_bread
D:3:      minmay_divided_ellipse
D:4:      minmay_temple_entry_statues_fountains, grunt_decor_cap
D:5:      minmay_guarded_unrand_vampires_tooth
D:6:      gammafunk_temple_overflow_forgotten
Temple:   cyrus_circular_temple

Table legend:
 A = Turns spent in this place as a percentage of turns spent in the entire game.
 B = Non-inter-level travel turns spent in this place as a percentage of non-inter-level travel turns spent in the entire game.
 C = Inter-level travel turns spent in this place as a percentage of turns spent in this place.
 D = Turns resting spent in this place as a percentage of non-inter-level travel turns spent in this place.
 E = Turns spent auto-exploring this place as a percentage of non-inter-level travel turns spent in this place.
 F = Non-inter-level travel turns spent in this place divided by the number of levels of this place that you've seen.
                   A       B       C       D       E      F
               +-------+-------+-------+-------+-------+----------------------
         Total | 100.0 | 100.0 |   0.6 |   2.0 |  10.0 | 213.3
       Dungeon |  96.9 |  96.9 |   0.5 |   2.1 |  10.3 | 241.2
        Temple |   3.1 |   3.1 |   2.1 |   0.0 |   0.0 |  46.0
               +-------+-------+-------+-------+-------+----------------------

Table legend:
 A = Kills in this place as a percentage of kills in entire the game.
 B = Kills by you in this place as a percentage of kills by you in the entire game.
 C = Kills by friends in this place as a percentage of kills by friends in the entire game.
 D = Other kills in this place as a percentage of other kills in the entire game.
 E = Experience gained in this place as a percentage of experience gained in the entire game.
 F = Experience gained in this place divided by the number of levels of this place that you have seen.
                   A       B       C       D       E      F
               +-------+-------+-------+-------+-------+----------------------
         Total | 100.0 | 100.0 | 100.0 |  -nan | 100.0 | 162.1
       Dungeon | 100.0 | 100.0 | 100.0 |  -nan | 100.0 | 189.2
               +-------+-------+-------+-------+-------+----------------------
